 Dungeon Crawl Stone Soup version 0.29-a0-668-g12ee2bf84d (webtiles) character file.

Game seed: 9272022916889927075

32 zeratav the Stinger (level 3, -5/24 HPs)
             Began as a Formicid Venom Mage on June 23, 2022.
             Slain by an iguana (14 damage)
             ... on level 2 of the Dungeon.
             The game lasted 00:02:23 (1471 turns).

zeratav the Stinger (Formicid Venom Mage)           Turns: 1471, Time: 00:02:24

Health: -5/24      AC:  3    Str: 14    XL:     3   Next: 42%
Magic:  0/6        EV: 12    Int: 14    God:
Gold:   96         SH:  0    Dex: 14    Spells: 5/6 levels left

rFire   . . .      SeeInvis +   e - +0 mace {mace}
rCold   . . .      Faith    .   (no shield)
rNeg    . . .      Spirit   .   a - +0 robe
rPois   .          Reflect  .   (helmet unavailable)
rElec   .          Harm     .   (no cloak)
rCorr   .          Rampage  .   j - +0 pair of gloves
Will    .....                   (no boots)
Stlth   ++........              (no amulet)
HPRegen 0.08/turn               (no ring)
MPRegen 0.10/turn               (no ring)

@: no status effects
A: permanent stasis, dig shafts and tunnels, antennae 3, four strong arms
a: Dig, Shaft Self


You were on level 2 of the Dungeon.
You visited 1 branch of the dungeon, and saw 2 of its levels.

You collected 96 gold pieces.


Innate Abilities, Weirdness & Mutations

You cannot be hasted, slowed, berserked, paralysed or teleported.
You can dig through walls and to a lower floor.
You have a pair of large antennae on your head. (SInv)
Your four strong arms can wield two-handed weapons with a shield.


   Skills:
 - Level 1.7 Dodging
 - Level 2.4 Stealth
 - Level 2.1 Spellcasting
 - Level 1.1 Transmutations
 + Level 5.7 Poison Magic


You had 5 spell levels left.
You knew the following spells:

 Your Spells              Type           Power      Damage    Failure   Level
a - Sting                 Tmut/Pois      44%        1d5       6%          1

Your spell library contained the following spells:

 Spells                   Type           Power      Damage    Failure   Level
 Poisonous Vapours        Pois/Air       18%        N/A       11%         2
 Olgreb's Toxic Radiance  Pois           17%        N/A       22%         4
 Mephitic Cloud           Conj/Pois/Air  6%         N/A       32%         3

Inventory:

Hand Weapons
 e - a +0 mace (weapon) {mace}
   (You found it on level 1 of the Dungeon)
Armour
 a - a +0 robe (worn)
 j - a +0 pair of gloves (worn)
   (You found it on level 2 of the Dungeon)
Scrolls
 c - 5 scrolls of identify {unknown}
 i - a scroll of vulnerability {unknown}
Potions
 b - a potion of magic
 d - a potion of mutation {unknown}
 f - a potion of lignification {unknown}
 g - a potion of attraction {unknown}
 h - a potion of haste {unknown}

Dungeon Overview and Level Annotations

Branches:
Dungeon (2/15) Zot: 10525

Altars:

Shops:
D:2

[? ....# ....# .###
....# ... . ....#
..###.. ....# .......
....# .....
+#########..#####...###.
................l.......
......####..####@.)..#
.............#..∩..#.#
...<.......#.#.###.#
......######.#.#...#
...........#.#.....#
.......###.#.....#.#
.......# .###.#......
######.# #.###.#.#.###
.......# #.......#.#


You could see an iguana (poisoned).


Message History

Done exploring.
(D) Dungeon
Where to? (? - help)
There is a stone staircase leading down here.
You climb downwards.
There is a stone staircase leading up here.
You now have 62 gold pieces (gained 11).
c - 4 scrolls labelled MOXOMO NEUMOEWK (gained 1)
You now have 73 gold pieces (gained 11).
Found Wodos's Antique Armour Boutique.
There is an entrance to Wodos's Antique Armour Boutique here.
You can access your shopping list by pressing '$'.
c - 5 scrolls labelled MOXOMO NEUMOEWK (gained 1)
You now have 88 gold pieces (gained 15).
You sense a monster nearby.
A bat comes into view.
A bat is nearby!
You can't see any susceptible monsters within range! (Use Z to cast anyway.)
You can't see any susceptible monsters within range! (Use Z to cast anyway.)
You can't see any susceptible monsters within range! (Use Z to cast anyway.)
The sting hits the bat.
The bat is poisoned.
You kill the bat!
MP[-1]
You lost 1 mp, and now have 5/6 mp.
You can't see any susceptible monsters within range! (Use Z to cast anyway.)
You can't see any susceptible monsters within range! (Use Z to cast anyway.)
You now have 96 gold pieces (gained 8).
You see here a bat corpse.
You sense a monster nearby.
MP[+1]
Your mp is fully restored (6).
j - a +0 pair of gloves A goblin comes into view.
It is wielding a +0 dagger.
Found a whip.
Found Laalaguzu's Magic Scroll Boutique.
Okay, then.
You start putting on your armour.
You continue putting on your +0 pair of gloves. x4
The goblin shouts!
You hear a shout!
You finish putting on your +0 pair of gloves.
The sting hits the goblin.
The goblin is poisoned.
A goblin comes into view. It is wielding a +0 dagger.
MP[-1]
You lost 1 mp, and now have 5/6 mp.
The sting hits the goblin.
The goblin looks even sicker.
You kill the goblin!
MP[-1]
You lost 1 mp, and now have 4/6 mp.
You can't see any susceptible monsters within range! (Use Z to cast anyway.)
You can't see any susceptible monsters within range! (Use Z to cast anyway.)
The sting hits the goblin.
The goblin is poisoned.
An iguana comes into view.
MP[-1]
You lost 1 mp, and now have 3/6 mp.
The sting misses the goblin.
The iguana hisses angrily.
The goblin hits you with a +0 dagger.
HP[-2] MP[-1]
You take 2 damage, and now have 22/24 hp.
You lost 1 mp, and now have 2/6 mp.
You miscast Sting.
You are very lightly contaminated with residual magic.
Nothing appears to happen.
The goblin barely misses you.
MP[-1]
You lost 1 mp, and now have 1/6 mp.
The sting hits the goblin.
The goblin looks even sicker.
You kill the goblin!
MP[-1]
You lost 1 mp, and now have 0/6 mp.
You are out of magic!
You are out of magic!
You see here a +0 dagger {short}.
HP[+1]
You are out of magic!
You barely miss the iguana. The iguana misses you.
MP[+1]
You closely miss the iguana. The iguana closely misses you.
You closely miss the iguana. The iguana bites you.
The iguana closely misses you.
Your magical contamination has completely faded away.
HP[-1]
You take 1 damage, and now have 22/24 hp.
Casting: Sting (safe; 6% risk of failure)
Confirm with . or Enter, or press ? or * to list all spells.
Aiming: Sting (safe; 6% risk of failure)
Press: ? - help, Shift-Dir - straight line, f - iguana
Aim: an iguana (75% to hit)
The sting hits the iguana but does no damage.
The iguana is poisoned.
The iguana bites you.
HP[-3] MP[-1]
You take 3 damage, and now have 19/24 hp.
You lost 1 mp, and now have 0/6 mp.
You closely miss the iguana. The iguana bites you!
* * * LOW HITPOINT WARNING * * *
HP[-10]
You take 10 damage, and now have 9/24 hp.
MASSIVE DAMAGE!! (PAUSE)
You sock the iguana! The iguana bites you!
Ouch! That really hurt!
You die...

Skill      XL: |  1  2 |
---------------+-------+-----
Poison Magic   | 5 |  5.7
Dodging        | |  1.7
Stealth        | |  2.4
Spellcasting   | |  2.1
Transmutations | |  1.1

Action                   || total
-------------------------++-------
Melee: Unarmed           ||    13
       Mace              ||     8
 Cast: Sting             ||    51
Armor: Robe              ||     5
Dodge: Dodged            ||    33

Levels and vault maps discovered:
D:1:      dpeg_arrival_line_fractal, layout_rooms,
          shapermc_ecumenical_altar_pompeii, minmay_pentomino_x2
D:2:      layout_basic, serial_shops, shop, shop, shop, shop

Notes
Turn   | Place    | Note
-------+----------+-------------------------------------------
     0 | D:1      | zeratav the Formicid Venom Mage began the quest for the
                  | Orb.
     0 | D:1      | Reached XP level 1. HP: 13/13 MP: 3/3
     0 | D:1      | magus.rc [v1.9.6]
   202 | D:1      | Reached XP level 2. HP: 7/19 MP: 0/5
   542 | D:1      | Reached skill level 5 in Poison Magic
   884 | D:1      | Reached XP level 3. HP: 24/24 MP: 4/6
  1296 | D:1      | Found a faded altar of an unknown god.
  1350 | D:2      | Found Wodos's Antique Armour Boutique.
  1452 | D:2      | Found Laalaguzu's Magic Scroll Boutique.
  1471 | D:2      | Slain by an iguana

Vanquished Creatures
  6 endoplasms (D:1)
  4 goblins
  2 hobgoblins (D:1)
  2 kobolds (D:1)
  A quokka (D:1)
  3 ball pythons (D:1)
  3 bats
  3 frilled lizards (D:1)
  5 rats (D:1)
29 creatures vanquished.

Table legend:
 A = Non-vault XP
 B = Vault XP
 C = Vault XP percentage of total XP
 D = Non-vault monster count
 E = Vault monster count
 F = Vault count percentage of total count
                 A         B        C        D         E       F
            +---------+---------+-------+---------+---------+-------
      Total |      43 |       3 |   6.5 |      27 |       2 |   6.9
            +---------+---------+-------+---------+---------+-------
        D:1 |      37 |       3 |   7.5 |      24 |       2 |   7.7
        D:2 |       6 |       0 |   0.0 |       3 |       0 |   0.0
            +---------+---------+-------+---------+---------+-------

Illustrated notes

Table legend:
 A = Kills in this place as a percentage of kills in entire the game.
 B = Kills by you in this place as a percentage of kills by you in the entire game.
 C = Kills by friends in this place as a percentage of kills by friends in the entire game.
 D = Other kills in this place as a percentage of other kills in the entire game.
 E = Experience gained in this place as a percentage of experience gained in the entire game.
 F = Experience gained in this place divided by the number of levels of this place that you have seen.
                   A       B       C       D       E      F
               +-------+-------+-------+-------+-------+----------------------
         Total | 100.0 | 100.0 |   N/A |   N/A | 100.0 |  23.0
       Dungeon | 100.0 | 100.0 |   N/A |   N/A | 100.0 |  23.0
               +-------+-------+-------+-------+-------+----------------------

Table legend: (Time is in decaauts)
 A = Elapsed time spent in this place.
 B = Non-inter-level travel time spent in this place.
 C = Inter-level travel time spent in this place.
 D = Time resting spent in this place.
 E = Time spent auto-exploring this place.
 F = Levels seen in this place.
 G = Mean time per level.
                   A        B        C        D        E       F      G
               +--------+--------+--------+--------+--------+-----+--------+
         Total |   1473 |   1465 |      8 |    276 |    971 |   2 |  736.5 |
       Dungeon |   1473 |   1465 |      8 |    276 |    971 |   2 |  736.5 |
               +--------+--------+--------+--------+--------+-----+--------+

Top non-repeatable levels by time:
     D:1: 1310 daAuts
     D:2: 162 daAuts
